 Seeded DCSS version 0.28-a0-1624-g820543e53a (webtiles) character file.

Game seed: 8658589457182645627 (custom seed)

118 innerfire433 the Ducker (level 5, -26/41 HPs)
             Began as a Djinni Monk on Jan 23, 2022.
             Was a Priest of Elyvilon (penitent).
             Annihilated by an ogre (29 damage)
             ... on level 4 of the Dungeon.
             The game lasted 00:05:34 (3494 turns).

innerfire433 the Ducker (Djinni Monk)               Turns: 3494, Time: 00:05:35

Health: -26/41     AC:  3    Str:  9 (12) XL:     5   Next: 23%
Gold:   170        EV: 13    Int: 17 (18) God:    Elyvilon [*] SH:  0 Dex: 12 (15)

rFire   + + .      SeeInvis .   m - +4 quarterstaff (chaos)
rCold   x . .      Faith    .   (shield currently unavailable)
rNeg    . . .      Spirit   .   b - +1 robe
rPois   ∞          Reflect  .   (no helmet)
rElec   .          Harm     .   (no cloak)
rCorr   .          Rampage  .   (no gloves)
Will    .....                   (boots unavailable)
Stlth   ++........              (no amulet)
HPRegen 0.13/turn               h - +6 ring of intelligence
MPRegen 0.00/turn               (no ring)

@: flying
A: sickness immunity, fire resistance 2, cold vulnerability 1, float, innate
caster, hp casting, extra vitality 1
a: Renounce Religion


You were on level 4 of the Dungeon.
You worshipped Elyvilon.
Elyvilon was demanding penance.
You visited 1 branch of the dungeon, and saw 4 of its levels.

You collected 170 gold pieces.

Inventory:

Hand Weapons
 a - a +0 spear
 l - a +1 mace of protection
 m - a +4 quarterstaff of chaos (weapon)
Armour
 b - a +1 robe (worn)
Jewellery
 h - a +6 ring of intelligence (left hand)
Scrolls
 c - a scroll of teleportation
 d - a scroll of enchant armour
 g - a scroll of identify
 i - 2 scrolls of fear
 j - a scroll of fog {unknown}
Potions
 e - 2 potions of flight {unknown}
 k - a potion of lignification {unknown}


   Skills:
 + Level 3.7 Fighting
 - Level 3.0 Polearms
 * Level 0.3(2.1) Staves
 - Level 4.0 Dodging
 - Level 2.3 Stealth
 * Level 0.8 Spellcasting


You had 2 spell levels left.
You knew the following spells:

 Your Spells              Type           Power      Damage    Failure   Level
a - Freeze                Ice            12%        1d4       16%         1
b - Call Imp              Summ           3%         N/A       22%         2
Your spell library was empty.

Dungeon Overview and Level Annotations

Branches:
Dungeon (4/15)
 Temple: D:4-7

Altars:
Elyvilon
Fedhas

Annotations:
D:3 3 runed translucent doors, fragbeetle's ghost, weakling MfIE
D:4 Pargi


Innate Abilities, Weirdness & Mutations

You are immune to sickness and miasma.
You are immune to poison.
Your flesh is very heat resistant. (rF++)
You are vulnerable to cold. (rC-)
You float through the air rather than walking.
You learn spells naturally, not from books.
Your magical power is your life essence.
You have superior vitality. (+4 MHP)


Message History

The hound skeleton misses you. The dart slug closely misses you.
You completely miss the hound skeleton.
The hound skeleton is severely damaged.
The hound skeleton closely misses you.
The ogre hits you with a +0 giant spiked club!
The hound skeleton barely misses you.
The dart slug bites you but does no damage.
You feel guilty. "You will pay for your transgression, mortal!"
You thump the hound skeleton!
You destroy the hound skeleton!
The bullfrog skeleton hits you. The ogre misses you.
The bullfrog skeleton misses you.
The sky beast flickers out of sight!
Deactivating autopickup; reactivate with Ctrl-A.
The dart slug launches a dart at you. The slug dart hits you.
The bullfrog skeleton closely misses you.
There is an open door here.
Casting: Freeze (safe; 14% risk of failure)
Confirm with . or Enter, or press ? or * to list all spells.
Aiming: Freeze (safe; 14% risk of failure)
Press: ? - help, Shift-Dir - straight line, f - ogre
Aim: an ogre, wielding a +0 giant spiked club You freeze the ogre.
The ogre is lightly wounded.
The ogre barely misses you.
You feel guilty. "You will pay for your transgression, mortal!"
You hit the ogre.
The ogre is lightly wounded.
The ogre hits you with a +0 giant spiked club!!
Ouch! That really hurt!
* * * LOW HITPOINT WARNING * * *
It was a potion of degeneration.
There was something very wrong with that liquid.
You feel weakened.
You feel dopey.
You feel clumsy.
The ogre hits you with a +0 giant spiked club!!
Ouch! That really hurt!
You die...

## ..........#
..........#......
..........#.....#
.........#.....#
.......T.#.....#
.........#.....#
......{wZ#.....#
####.##O##.†...#
# #.@.....>.#
#.....<...#
#.........#
#.........##
#...)........
#.........###
#.........#
#.........#
#.........#


You could see Pargi, an ogre, a dart slug and a bullfrog skeleton.

Vanquished Creatures
  Crazy Yiuf (D:3)
  Jessica (D:3)
  A hound skeleton (D:4)
  An adder (D:2)
  2 dart slugs (D:2)
  An orc (D:3)
  3 endoplasms (D:2)
  3 giant cockroaches
  A goblin (D:1)
  5 hobgoblins
  2 jackals (D:3)
  5 ball pythons
  A bat (D:3)
  3 frilled lizards
  5 kobolds
  4 rats
39 creatures vanquished.

Notes
Turn   | Place    | Note
-------+----------+-------------------------------------------
     0 | D:1      | innerfire433 the Djinni Monk began the quest for the Orb.
     0 | D:1      | Reached XP level 1. HP: 20/20 MP: 0/0
   613 | D:1      | Found a faded altar of an unknown god.
   630 | D:1      | Prayed at the altar of an unknown god.
   630 | D:1      | Became a worshipper of Elyvilon the Healer
   630 | D:1      | Reached * piety under Elyvilon
   630 | D:1      | Reached ** piety under Elyvilon
   718 | D:2      | Reached XP level 2. HP: 25/25 MP: 0/0
   977 | D:2      | Reached XP level 3. HP: 28/30 MP: 0/0
   977 | D:2      | Learned a level 1 spell: Freeze
  1076 | D:2      | Reached *** piety under Elyvilon
  1136 | D:2      | Found a blossoming altar of Fedhas.
  2323 | D:3      | Noticed Jessica
  2331 | D:3      | Killed Jessica
  2332 | D:3      | Reached XP level 4. HP: 12/35 MP: 0/0
  2553 | D:3      | Reached skill level 4 in Dodging
  2611 | D:3      | Reached **** piety under Elyvilon
  2621 | D:3      | Found a runed translucent gate.
  2621 | D:3      | Found a runed translucent gate.
  2622 | D:3      | Found a runed translucent gate.
  3010 | D:3      | Found a runed translucent door.
  3011 | D:3      | Noticed Crazy Yiuf
  3147 | D:3      | Noticed fragbeetle's ghost (weakling MfIE)
  3182 | D:3      | Elyvilon protects you from harm!
  3185 | D:3      | Killed Crazy Yiuf
  3186 | D:3      | Reached XP level 5. HP: 17/41 MP: 0/0
  3186 | D:3      | Learned a level 2 spell: Call Imp
  3441 | D:4      | Noticed a sky beast
  3441 | D:4      | Noticed Pargi
  3470 | D:4      | Was placed under penance by Elyvilon
  3481 | D:4      | Noticed an ogre
  3494 | D:4      | Annihilated by an ogre

Illustrated notes

Levels and vault maps discovered:
D:1:      dpeg_arrival_leaves_temple_mockup, layout_loops_ring,
          ebering_ecumenical_altar_hall
D:2:      layout_loops_ring, basic_altar
D:3:      layout_loops_corners, gammafunk_ghost_necromancy, uniq_jessica,
          uniq_crazy_yiuf_cottage
D:4:      layout_gridville, grunt_qazlal_sundering, st_stairs_11,
          minmay_fractal_squares_5, uniq_pikel, uniq_pargi, uniq_sigmund

Skill      XL: |  1  2  3  4 |
---------------+-------------+-----
Stealth        | 2 |  2.3
Dodging        | 4 |  4.0
Polearms       | 3 |  3.0
Fighting       | |  3.7
Staves         | |  0.3
Spellcasting   | |  0.8

Action                   |  1- 3 |  4- 6 || total
-------------------------+-------+-------++-------
Melee: Spear             |   114 |    29 ||   143
       Punch             |     1 |     2 ||     3
       Quarterstaff      |       |     8 ||     8
 Cast: Freeze            |       |     2 ||     2
  Use: Scroll            |       |     3 ||     3
       Potion            |       |     1 ||     1
 Stab: Sleeping          |     6 |       ||     6
       Distracted        |     1 |       ||     1
Armor: Robe              |    10 |     5 ||    15
Dodge: Dodged            |    44 |    29 ||    73

Table legend: (Time is in decaauts)
 A = Elapsed time spent in this place.
 B = Non-inter-level travel time spent in this place.
 C = Inter-level travel time spent in this place.
 D = Time resting spent in this place.
 E = Time spent auto-exploring this place.
 F = Levels seen in this place.
 G = Mean time per level.
                   A        B        C        D        E       F      G
               +--------+--------+--------+--------+--------+-----+--------+
         Total |   3489 |   3309 |    180 |      0 |   2934 |   4 |  872.2 |
       Dungeon |   3489 |   3309 |    180 |      0 |   2934 |   4 |  872.2 |
               +--------+--------+--------+--------+--------+-----+--------+

Top non-repeatable levels by time:
     D:3: 1636 daAuts
     D:2: 1143 daAuts
     D:1: 680 daAuts
     D:4: 29 daAuts
